 Dungeon Sprint DCSS version 0.31-a0-675-g238779eb0a (webtiles) character file.

Game seed: 12259297432168784764

10941 sircluck the Grappler (level 11, -17/124 HPs)
             Began as a Troll Berserker on Sept 5, 2023.
             Was a High Priest of Trog.
             Demolished by a golden dragon (35 damage)
             ... in the Dungeon (Sprint II: "The Violet Keep of Menkaure").
             The game lasted 00:04:38 (755 turns).

sircluck the Grappler (Troll Berserker)              Turns: 755, Time: 00:04:38

Health: -17/124    AC:  5    Str: 31    XL:     11   Next: 42%
Magic:  10/10      EV: 13    Int:  3    God:    Trog [*****.]
Gold:   1343       SH:  0    Dex:  9    Spells: 10/10 levels left

rFire   . .          .
                       - Unarmed
rCold   . . .        (no shield)
rNeg    . . .        a - +0 animal skin
rPois   .            (helmet restricted)
rElec   .            (no cloak)
rCorr   .            (gloves unavailable)
SInv    .            (boots unavailable)
Will    ++...        (no amulet) Stlth
                     (no ring)
HPRegen 2.20/turn    (no ring)
MPRegen 0.12/turn

%: no teleportation
@: silenced, strong-willed, on berserk cooldown, regenerating, slowed, very slow
A: large, unfitting armour, claws 3, regeneration 1, shaggy fur 1, tough skin 1
a: Renounce Religion


You were in the Dungeon.
You worshipped Trog.
Trog was extremely pleased with you.
You visited 1 branch You collected 1466 gold pieces.
You spent 123 gold pieces at shops.

Inventory:

Armour
 a - a +0 animal skin (worn)
Scrolls
 i - a scroll of identify {unknown}
Potions
 b - a potion of curing
 d - a potion of haste
 e - 2 potions of magic
 f - a potion of berserk rage
 g - 3 potions of enlightenment {unknown}


   Skills:
 + Level 12.6 Fighting
 + Level 12.3 Armour
 + Level 12.6 Dodging
 + Level 14.8 Unarmed Combat


You had 10 spell levels left.
You didn't know any spells.
Your spell library was empty.

Dungeon Overview and Level Annotations

Branches:
Dungeon (1/1)

Altars:

Shops:
D [!!(:!*(![*=!(*:[:=[[[?([[[

Annotations:
D exclusions: oklob plant and orange crystal statue


Innate Abilities, Weirdness & Mutations

You are too large for most types of armour.
You have claws for hands.
Your natural rate of healing is unusually fast.
You are covered in fur. (AC +1)
You have tough skin. (AC +1)


Message History

The golden dragon claws your iron troll but does no damage.
The golden dragon tramples your iron troll but does no damage.
The bone dragon bites your iron troll.
The bone dragon claws your iron troll but does no damage.
The bone dragon completely misses your iron troll.
Your iron troll bites the bone dragon!
Your iron troll claws the bone dragon!!
Your iron troll claws the bone dragon!
The golden dragon bites your iron troll but does no damage.
The golden dragon claws your iron troll but does no damage.
The golden dragon tramples your iron troll.
Your iron troll holds its ground!
The bone dragon bites your iron troll.
The bone dragon claws your iron troll but does no damage.
The bone dragon tramples your iron troll!
Your iron troll holds its ground!
Your iron troll barely misses the bone dragon.
Your iron troll claws the bone dragon!
The bone dragon is destroyed!
Trog accepts your kill.
The golden dragon barely misses your iron troll. x2
The golden dragon tramples your iron troll but does no damage.
Your Armour skill increases to level 12!
Your iron troll bites the golden dragon!!
Your iron troll barely misses the golden dragon.
Your iron troll claws the golden dragon but does no damage.
The golden dragon bites your iron troll!
Your iron troll dies!
Your iron troll's corpse disappears in a puff of smoke!
You barely miss the cacodemon. The cacodemon hits you! The cacodemon hits you!!
* * * LOW HITPOINT WARNING * * *
You mangle the cacodemon!!
The cacodemon is moderately wounded.
The cacodemon barely misses you. The cacodemon hits you!
* * * LOW HITPOINT WARNING * * *
Okay, then.
You mangle the golden dragon!! You claw the golden dragon!
The golden dragon is severely wounded.
You barely miss the golden dragon.
The golden dragon is severely wounded.
The golden dragon bites you!!
You die...

########### #...†).').#
#......#).####
#'######'##..####+####
#∩∩∩∩∩∩#..†.##°°....°##
#∩∩∩∩∩∩#..###...°..°..##
#########..+...........#
..##..C####.........#
......2D@~##○......##
############~)#+++#+++##
###########~)~.........#
##........#~~÷~.##'##..#
##...⌠....#~~~~##.#.##.####
##..∩.∩...#~~~~#..#..#....#
##.∩.∩.∩..#~~#####.#####..##
##∩.∩.∩.∩.#~##.###'###.##..#
##.∩...∩..#~#.).##.##.#.#..#


You could see a golden dragon (unsilenced), a frost giant and a cacodemon
(unsilenced).

Vanquished Creatures
  A storm dragon (D)
  A centaur warrior (D)
  An iron elemental (D)
  2 boulder beetles (D)
  A death yak (D)
  A merfolk siren (D)
  An elephant (D)
  An ice statue (D)
  A kobold demonologist (D)
  3 slime creatures (D)
  Menkaure (D)
  4 neqoxecs (D)
  A water moccasin (D)
  A necrophage (D)
  4 scorpions (D)
  An iron imp (D)
25 creatures vanquished.

Vanquished Creatures (collateral kills)
  A bone dragon (D)
  Kirke (D)
  A yaktaur captain (D)
  A skeletal warrior (D)
  3 yaks (D)
  3 black bears (D)
10 creatures vanquished.

Grand Total: 35 creatures vanquished

Notes
Turn   | Place    | Note
-------+----------+-------------------------------------------
     0 | D        | sircluck the Troll Berserker began the quest for the Orb.
     0 | D        | Reached XP level 1. HP: 22/22 MP: 0/0
     1 | D        | Noticed a scorpion
     1 | D        | Noticed a scorpion
     5 | D        | Killed a scorpion
     6 | D        | Reached skill level 4 in Unarmed Combat
     6 | D        | Reached XP level 2. HP: 29/32 MP: 1/1
     6 | D        | Reached XP level 3. HP: 35/39 MP: 2/2
     8 | D        | Killed a scorpion
     9 | D        | Reached skill level 5 in Unarmed Combat
     9 | D        | Reached XP level 4. HP: 42/49 MP: 3/3
     9 | D        | Noticed a scorpion
     9 | D        | Noticed a scorpion
    14 | D        | Killed a scorpion
    14 | D        | Reached ** piety under Trog
    15 | D        | Reached skill level 5 in Fighting
    15 | D        | Reached skill level 5 in Dodging
    15 | D        | Reached skill level 6 in Unarmed Combat
    15 | D        | Reached XP level 5. HP: 32/57 MP: 4/4
    22 | D        | Noticed an ice statue
    24 | D        | Noticed Menkaure
    26 | D        | HP: 2/57 [Menkaure (17)]
    27 | D        | Killed Menkaure
    28 | D        | Reached skill level 5 in Armour
    28 | D        | Reached skill level 7 in Unarmed Combat
    28 | D        | Reached XP level 6. HP: 4/67 MP: 5/5
    28 | D        | Found Werecilo's Antique Armour Shop.
    28 | D        | Found Maec's Antique Armour Boutique.
    28 | D        | Found Xisch's Antique Armour Shop.
    29 | D        | Found Biddid's Magic Scroll Boutique.
    29 | D        | Found Roebim's Weapon Shop.
    30 | D        | Found Laifyhe's Jewellery Shop.
    30 | D        | Found Pyophu Gismi's Antique Armour Boutique.
    31 | D        | Found Punnuff's Book Shop.
    32 | D        | Found Efagidgh's Distillery.
    32 | D        | Found Ofouklea's Jewellery Boutique.
    36 | D        | Found Tiloipni's Distillery.
    36 | D        | Found Beng's Weapon Boutique.
    36 | D        | Noticed a fire dragon
    36 | D        | Noticed an oklob plant
    37 | D        | Found Emis's Antique Weapon Shop.
    37 | D        | Found Suyw's Distillery.
    37 | D        | Found Nufin's Book Shoppe.
    37 | D        | Noticed a cane toad
    37 | D        | Noticed a cane toad
    91 | D        | Bought a scroll of silence for 123 gold pieces
    97 | D        | Noticed a wyvern
    97 | D        | Noticed a wyvern
    98 | D        | Noticed a wyvern
    99 | D        | Noticed a flying skull
    99 | D        | Noticed a flying skull
   111 | D        | Noticed a merfolk siren
   118 | D        | Killed a merfolk siren
   118 | D        | Reached *** piety under Trog
   119 | D        | Reached skill level 8 in Unarmed Combat
   119 | D        | Reached XP level 7. HP: 76/78 MP: 6/6
   129 | D        | Noticed a boulder beetle
   129 | D        | Noticed a boulder beetle
   219 | D        | Killed a boulder beetle
   220 | D        | Reached skill level 9 in Unarmed Combat
   220 | D        | Reached XP level 8. HP: 51/88 MP: 7/7
   223 | D        | Killed a boulder beetle
   224 | D        | Reached skill level 10 in Unarmed Combat
   261 | D        | Noticed an orange crystal statue
   285 | D        | Reached **** piety under Trog
   289 | D        | Reached XP level 9. HP: 87/98 MP: 8/8
   303 | D        | Reached skill level 11 in Unarmed Combat
   310 | D        | Reached ***** piety under Trog
   326 | D        | Noticed Kirke
   326 | D        | Noticed a skeletal warrior
   326 | D        | Noticed a kobold demonologist
   327 | D        | Noticed a soul eater
   329 | D        | Noticed a yaktaur captain
   329 | D        | Noticed an elephant
   330 | D        | Noticed a centaur warrior
   338 | D        | Killed a skeletal warrior
   342 | D        | Killed Kirke
   343 | D        | Reached skill level 10 in Fighting
   343 | D        | Reached skill level 10 in Armour
   343 | D        | Reached skill level 10 in Dodging
   343 | D        | Reached skill level 12 in Unarmed Combat
   343 | D        | Reached XP level 10. HP: 111/111 MP: 9/9
   346 | D        | Killed a yaktaur captain
   351 | D        | Killed a centaur warrior
   352 | D        | Reached skill level 13 in Unarmed Combat
   354 | D        | Killed an elephant
   506 | D        | Noticed an iron elemental
   515 | D        | Killed an iron elemental
   550 | D        | Noticed a death yak
   551 | D        | Received a gift from Trog
   559 | D        | Killed a death yak
   560 | D        | Reached XP level 11. HP: 123/123 MP: 10/10
   561 | D        | Reached skill level 14 in Unarmed Combat
   583 | D        | Found Ysiefiti's Antique Armour Emporium.
   583 | D        | Found Xeaptis's Distillery.
   583 | D        | Found Fyrergh's Distillery.
   583 | D        | Found Liskunon's Assorted Antiques.
   583 | D        | Found Fiuczia's General Store.
   584 | D        | Found Tovogy's Armour Shoppe.
   584 | D        | Found Efyap's Antique Weapon Boutique.
   584 | D        | Found Luoll's Armour Emporium.
   584 | D        | Found Asuetoiti's Armour Shop.
   584 | D        | Found Xutakoil's Assorted Antiques.
   584 | D        | Found Exko's Book Shop.
   584 | D        | Found Ladari's Antique Armour Shoppe.
   734 | D        | Noticed a storm dragon
   734 | D        | Noticed a bone dragon
   736 | D        | Noticed a golden dragon
   737 | D        | Noticed a cacodemon
   738 | D        | Noticed a frost giant
   741 | D        | Noticed a deep elf high priest
   744 | D        | Killed a storm dragon
   744 | D        | Identified the +4 quarterstaff "Iveosal" {antimagic, rF+
                  | Str+3} (Trog gifted it to you in the Dungeon)
   744 | D        | Received a gift from Trog
   750 | D        | Killed a bone dragon
   755 | D        | Demolished by a golden dragon

Illustrated notes

Levels and vault maps discovered:
D:        the_violet_keep_of_menkaure [sprint2_stairs_cluster_1,
          sprint2_shoproom, sprint2_temple, sprint2_basic_supplies,
          sprint2_obstacle_4, sprint2_obstacle_7, sprint2_obstacle_2,
          sprint2_obstacle_1, sprint2_obstacle_5, sprint2_timed_cluster_1,
          sprint2_smallroom_cluster_1, sprint2_smallroom_final_cluster_1,
          sprint2_transparent_cluster_1, sprint2_second_timed_cluster_1,
          sprint2_sniper_area_1, sprint2_heavy_combat_area_1,
          sprint2_mutation_trap_area_1, sprint2_forest_area_1,
          sprint2_light_combat_area_1, sprint2_behind_water_1,
          sprint2_near_end_vault_1]

Skill      XL: |  1  2  3  4  5  6  7  8  9 10 11 |
---------------+----------------------------------+-----
Fighting       | 3 4 5 6 7 8 9 10 11 12 | 12.6
Armour         | 2 3 4 5 6 7 8 10 11 12 | 12.3
Dodging        | 3 4 5 6 7 8 9 10 11 12 | 12.6
Unarmed Combat | 4 5 6 7 8 9 10 12 13 14 | 14.8

Action                     |  1- 3 |  4- 6 |  7- 9 | 10-12 || total
---------------------------+-------+-------+-------+-------++-------
  Melee: Unarmed           |     6 |    14 |    39 |    60 ||   119
         Punch             |     1 |       |     5 |    11 ||    17
 Invoke: Berserk           |       |       |     2 |     1 ||     3
         Brothers in Arms  |       |       |     1 |     2 ||     3
         Trog's Hand       |       |       |       |     1 ||     1
    Use: Scroll            |       |       |       |     2 ||     2
         Potion            |       |       |       |     1 ||     1
 Armour: Animal skin       |     4 |     6 |    18 |    49 ||    77
  Dodge: Dodged            |     2 |     4 |    13 |    19 ||    38

Table legend: (Time is in decaauts)
 A = Elapsed time spent in this place.
 B = Non-inter-level travel time spent in this place.
 C = Inter-level travel time spent in this place.
 D = Time resting spent in this place.
 E = Time spent auto-exploring this place.
 F = Levels seen in this place.
 G = Mean time per level.
                   A        B        C        D        E       F      G
               +--------+--------+--------+--------+--------+-----+--------+
         Total |    751 |    741 |     10 |    245 |    156 |   1 |  751.0 |
       Dungeon |    751 |    741 |     10 |    245 |    156 |   1 |  751.0 |
               +--------+--------+--------+--------+--------+-----+--------+

Top non-repeatable levels by time:
       D: 751 daAuts
